 Dungeon Crawl Stone Soup version 0.14.2 (webtiles) character file.

284 dngmouse the Skirmisher (level 5, 0/47 HPs)
             Began as a Hill Orc Abyssal Knight on May 31, 2015.
             Was a Believer of Lugonu.
             Slain by a hound (1 damage)
             ... on Level 4 of the Dungeon.
             The game lasted 00:13:39 (2934 turns).

dngmouse the Skirmisher (Hill Orc Abyssal Knight)   Turns: 2934, Time: 00:13:39

HP   0/47        AC  3     Str 16      XL: 5   Next: 11%
MP   6/6         EV  6     Int 12      God: Lugonu [**....]
Gold 156         SH 24     Dex 10      Spells:  0 memorised,  4 levels left

rFire  . . .     SeeInvis .     a - +1 hand axe
rCold  . . .     Clarity  .     b - +0 leather armour
rNeg   . . .     Conserve .     m - +0 large shield
rPois  .         rCorr    .     (no helmet)
rElec  .         rRot     .     (no cloak)
SustAb . .       Spirit   .     (no gloves)
rMut   .         Warding  .     (no boots)
Gourm  +         Stasis   .     l - amulet of the gourmand
MR     .....                    (no ring)
                                (no ring)

@: not resistant to hostile enchantments, very unstealthy
A: saprovore 1
a: Depart the Abyss, Bend Space, Renounce Religion


You were on level 4 of the Dungeon.
You worshipped Lugonu.
Lugonu was pleased with you.
You were not hungry.

You visited 1 branch of the dungeon, and saw 4 of its levels.
You visited the Abyss 1 time.

You collected 156 gold pieces.

Inventory:

Hand weapons
 a - a +1,+1 hand axe (weapon)
 g - a +1,+2 whip of holy wrath
 D - a +0,+0 war axe
Armour
 b - a +0 leather armour (worn)
 m - a +0 large shield (worn)
Magical devices
 A - a wand of flame (12) {unknown}
Comestibles
 c - 3 meat rations
 f - an apricot
 p - 10 strawberries
 s - 2 bread rations
Scrolls
 d - a scroll of noise {unknown}
 e - a scroll of fog {unknown}
 j - 11 scrolls of identify {unknown}
 t - a scroll of remove curse {unknown}
 u - a scroll of teleportation {unknown}
 v - a scroll of amnesia {unknown}
 y - a scroll of immolation {unknown}
 B - a scroll of magic mapping {unknown}
Jewellery
 l - an amulet of the gourmand (around neck)
 n - an uncursed ring of see invisible {unknown}
 C - a cursed ring of hunger {unknown}
Potions
 h - a potion of invisibility {unknown}
 i - 2 potions of curing {unknown}
 k - 4 potions of heal wounds {unknown}
 o - a potion of flight {unknown}
 q - a potion of confusion {unknown}
 r - a potion of haste {unknown}
 w - a potion of brilliance {unknown}
 x - a potion of poison {unknown}
 z - a potion of agility {unknown}


   Skills:
 + Level 4.7 Fighting
 + Level 4.0 Axes
 + Level 3.4 Armour
 - Level 0.7 Dodging
 + Level 2.0 Shields
 - Level 2.4 Invocations


You had 4 spell levels left.
You didn't know any spells.

Dungeon Overview and Level Annotations

Branches:
Dungeon (4/15)             Temple (0/1) D:4

Altars:
Elyvilon
Zin
The Shining One


Innate Abilities, Weirdness & Mutations

You can tolerate rotten meat.


Message History

The hound is almost dead.
You block the hound's attack. The hound bites you.
* * * LOW HITPOINT WARNING * * *
You miss the hound.
The hound is almost dead.
The hound bites you.
* * * LOW HITPOINT WARNING * * *
You block the hound's attack.
You hit the hound.
The hound is almost dead.
You block the hound's attack. The hound bites you.
* * * LOW HITPOINT WARNING * * *
You closely miss the hound.
The hound is almost dead.
The hound bites you but does no damage. The hound bites you.
* * * LOW HITPOINT WARNING * * *
You miss the hound.
The hound is almost dead.
You block the hound's attack. The hound bites you.
You die...

.###.#.# .##....##
.......# .......#.
.###.#.# #. ......%.
.....# .### ......#
.##### ..# #.....#
<....# #.# .....#
.###.# ##.## #....#
.# #)#.####.>.####a.#
.# #.#..........@hl.#
.# #.######...#####)#
.# #.# ##.## .# .#
#.# #.######.# .# #.#
#........#
.###.#######..#######
..............#
##...........##
.......#######


You could see a hound, a worker ant and a giant gecko.

Vanquished Creatures
  A hound (D:4)
  2 adders
  2 worms
  A giant gecko (D:2)
  A ball python (D:2)
  6 bats
  5 giant cockroaches
  9 goblins
  12 hobgoblins
  8 kobolds
  A quokka (D:2)
  2 giant newts (D:1)
  4 rats
54 creatures vanquished.

Notes
Turn   | Place    | Note
--------------------------------------------------------------
     0 | Abyss:1  | dngmouse, the Hill Orc Abyssal Knight, began the quest for the Orb.
     0 | Abyss:1  | Reached XP level 1. HP: 19/19 MP: 1/1
    33 | Abyss:1  | Found a corrupted altar of Lugonu.
   104 | Abyss:1  | Noticed a small abomination
   115 | D:1      | Escaped the Abyss
   332 | D:1      | Reached XP level 2. HP: 18/27 MP: 2/2
   403 | D:1      | Reached skill level 4 in Fighting
   406 | D:1      | Acquired Lugonu's first power
  1264 | D:1      | Reached XP level 3. HP: 9/33 MP: 4/4
  1914 | D:2      | Reached skill level 1 in Shields
  2163 | D:2      | Reached XP level 4. HP: 40/40 MP: 5/5
  2181 | D:2      | Acquired Lugonu's second power
  2497 | D:3      | Found a white marble altar of Elyvilon.
  2497 | D:3      | Found a glowing silver altar of Zin.
  2498 | D:3      | Found a glowing golden altar of the Shining One.
  2854 | D:4      | Found a staircase to the Ecumenical Temple.
  2868 | D:4      | Reached XP level 5. HP: 18/47 MP: 6/6
  2932 | D:4      | HP: 2/47 [hound (1)]
  2934 | D:4      | Slain by a hound

Action                   |  1- 3 |  4- 6 || total
-------------------------+-------+-------++-------
Melee: Hand axe          |   156 |    97 ||   253
Invok: Depart the Abyss  |     1 |       ||     1
